 Dungeon Crawl Stone Soup version 0.32-a0-871-ge202e49faa (webtiles) character file.

Game seed: 4438063360733365962

116256 KennySheep the Mender (level 16, -10/90 HPs)
             Began as a Deep Elf Conjurer on Mar 28, 2024.
             Was a Priest of Elyvilon.
             Mangled by a tentacled starspawn (21 damage)
             ... on level 3 of the Abyss on Mar 29, 2024.
             The game lasted 02:46:28 (32857 turns).

KennySheep the Mender (Deep Elf Conjurer)          Turns: 32857, Time: 02:46:29

Health: -10/90     AC:  7    Str:  6    XL:     16   Next: 20%
Magic:  27/35      EV: 18    Int: 32    God:    Elyvilon [***...]
Gold:   1539       SH:  0    Dex: 21    Spells: 30/42 levels left

rFire   . . .        d - staff of conjuration
rCold   . . .        (no shield)
rNeg    . . .        N - +2 leather armour {rPois}
rPois   +            (helmet restricted)
rElec   .            K - scarf {repulsion}
rCorr   .            L - +2 pair of gloves of the Beginning {Str+2 Dex+2}
SInv    +            n - +0 pair of boots "Zekhlolo" {+Blink Regen+}
Will    +....        k - amulet of magic regeneration
Stlth   +++          y - ring of flight
HPRegen 0.00/turn    U - ring of Xom's Recklessness {Dex+6 SInv}
MPRegen 0.64/turn

%: repel missiles, clarity
@: flying, inhibited regen, hasted, studying 2 skills, very quick
A: antennae 1, clarity, mutation resistance 1, inability to read after injury 1,
[deformed body], [inhibited regeneration], [subdued magic 2]
a: Renounce Religion, Evoke Blink, Purification, Heal Other, Heal Self


You were on level 3 of the Abyss.
You worshipped Elyvilon.
Elyvilon was most pleased with you.
You visited 4 branches of the dungeon, and saw 24 of its levels.
You visited the Abyss 1 time.
You also visited: Sewer, Bailey, Gauntlet and Ice Cave.

You collected 2435 gold pieces.
You spent 896 gold pieces at shops.

Inventory:

Hand Weapons
 H - the +5 hand axe of the Key {heavy, ^Drain Will++ rCorr SInv}
   (You took it off a crimson imp on level 6 of the Dungeon)

   Will++:    It greatly increases your willpower.
   SInv:      It lets you see invisible.
   rCorr:     It protects you from acid and corrosion.
   ^Drain:    It drains your maximum health when unequipped.
Missiles
 O - 2 throwing nets
Armour
 n - the +0 pair of boots "Zekhlolo" (worn) {+Blink Regen+}
   (You acquired it on level 3 of the Dungeon)

   +Blink:    It lets you blink.
   Regen+:    It increases your rate of health regeneration.
 K - a scarf of repulsion (worn)
 L - the +2 pair of gloves of the Beginning (worn) {Str+2 Dex+2}
   (You found it in a Gauntlet)

   Str+2:     It affects your strength (+2).
   Dex+2:     It affects your dexterity (+2).
 N - a +2 leather armour of poison resistance (worn)
 P - a +1 cloak of stealth
Magical Staves
 d - a staff of conjuration (weapon)
Jewellery
 g - a ring of fire
 k - an amulet of magic regeneration (around neck)
 r - a ring of see invisible
 w - a +4 ring of slaying
 y - a ring of flight (left hand)
 z - an amulet of the acrobat
 R - a +6 ring of intelligence
 U - the ring of Xom's Recklessness (right hand) {Dex+6 SInv}
   (You took it off a gnoll sergeant on level 7 of the Dungeon)

   [ring of see invisible]

   Dex+6:     It affects your dexterity (+6).
   SInv:      It lets you see invisible.
 V - a ring of willpower
Wands
 a - a wand of charming (7)
 j - a wand of light (6)
 p - a wand of polymorph (28)
 C - a wand of roots (8)
 Q - a wand of mindburst (4)
 T - a wand of flame (12)
Scrolls
 e - 5 scrolls of enchant armour
 f - 9 scrolls of teleportation
 i - 4 scrolls of noise
 s - a scroll of fog
 t - 4 scrolls of vulnerability
 u - 6 scrolls of identify
 v - 4 scrolls of amnesia
 D - a scroll of silence
 I - 3 scrolls of poison
 M - a scroll of immolation
 W - 4 scrolls of enchant weapon
 Z - 4 scrolls of revelation
Potions
 b - a potion of invisibility
 c - 2 potions of lignification
 h - a potion of haste
 l - 4 potions of might
 m - 3 potions of cancellation
 o - 4 potions of attraction
 q - 4 potions of mutation
 A - 3 potions of resistance
 F - a potion of enlightenment
 G - a potion of berserk rage
 X - 2 potions of curing
 Y - a potion of ambrosia


   Skills:
 + Level 6.8 Fighting
 + Level 8.1 Staves
 + Level 11.2 Dodging
 - Level 6.3 Stealth
 + Level 13.8 Spellcasting
 + Level 13.7 Conjurations
 + Level 9.7 Hexes
 - Level 6.8 Translocations
 - Level 16.0 Invocations
 - Level 13.0 Evocations


You had 30 spell levels left.
You knew the following spells:

 Your Spells              Type           Power      Damage    Failure   Level
a - Magic Dart            Conj           100%       1d8       0%          1
b - Searing Ray           Conj           100%       2d8       0%          2
c - Iskenderun's Mystic   Conj/Tloc      70%        2d14      (+2d81%     4
d - Fulminant Prism       Conj/Alch      29%        3d13      1%          4
e - Apportation           Tloc           82%        N/A       1%          1

Your spell library contained the following spells:

 Spells                   Type           Power      Damage    Failure   Level
 Momentum Strike          Conj/Tloc      100%       3d10      0%          2
 Kiss of Death            Conj/Necr      100%       2d13      1%          1
 Jinxbite                 Hex            100%       N/A       1%          2
 Confusing Touch          Hex            52%        N/A       1%          3
 Dazzling Flash           Conj/Hex       100%       N/A       1%          3
 Inner Flame              Hex/Fire       33%        N/A       1%          3
 Mephitic Cloud           Conj/Alch/Air  48%        N/A       1%          3
 Flame Wave               Conj/Fire      58%        2d14      1%          4
 Cigotuvi's Dreadful Rot  Necr/Alch/Air  26%        N/A       2%          2
 Irradiate                Conj/Alch      29%        3d21      3%          5
 Swiftness                Air            13%        N/A       6%          3
 Dispel Undead            Necr           13%        3d9       24%         4
 Sticky Flame             Fire/Alch      13%        2d5       24%         4
 Summon Lightning Spire   Summ/Air       13%        N/A       24%         4
 Alistair's Intoxication  Alch           8%         N/A       56%         5
 Plasma Beam              Fire/Air       6%         2x1d17    99%         6
 Ignition                 Fire           6%         3d4       100%        8
 Summon Horrible Things   Summ           6%         N/A       100%        8
 Dragon's Call            Summ           6%         N/A       100%        9


Dungeon Overview and Level Annotations

Branches:
Dungeon (15/15)            Temple (0/1) D:7            Lair (5/5) D:11
 Shoals (0/4) Lair:2        Snake (2/4) Lair:3        Slime (0/5) Lair:5
    Orc (2/2) D:11            Elf (0/3) Orc:2        Vaults (0/5) D:14
  Sewer (visited)          Bailey (visited)           IceCv (visited)
Gauntlet (visited)
 Depths: D:15

Altars:
Ashenzari
Cheibriados
Elyvilon
Fedhas
Gozag
Makhleb
Nemelex Xobeh
Okawaru
Uskayaw
Vehumet
Xom
Yredelemnul
Beogh
Jiyva

Shops:
D:8 *   D:12 [   Orc:1 ?   Orc:2 ?(*=   Snake:2 (?

Portals:
Pandemonium: Orc:2

Annotations:
D:5 exclusion: door
D:13 3 runed translucent doors, Frances; Inta's ghost, journeyman TeAE
Snake:1 1 runed translucent door, Jocvoh's ghost, adept DgHu


Innate Abilities, Weirdness & Mutations

You have a pair of small antennae on your head.
You possess an exceptional clarity of mind.
You are somewhat resistant to further mutation.
You occasionally lose the ability to read scrolls when taking damage.
[Armour fits poorly on your strangely shaped body.]
[You do not regenerate when monsters are visible.]
[Your spells are easier to cast, but less powerful.]


Message History

The starspawn tentacle's grasp on you weakens, but your attempt to escape fails.
You feel yourself growing ill in the presence of the ancient zyme.
Casting: Iskenderun's Mystic Blast (safe; 1% risk of failure)
Confirm with . or Enter, or press ? or * to list all spells.
You feel a surge of power!
You erupt in a blast of force!
The mystic blast hits the starspawn tentacle segment!
The starspawn tentacle segment is severely damaged.
The mystic blast hits the tentacled starspawn!
The tentacled starspawn is lightly damaged.
The tentacled starspawn is knocked back by the mystic blast.
The tentacled starspawn slams into the stone wall!
The tentacled starspawn is lightly damaged.
The mystic blast hits the starspawn tentacle.
The starspawn tentacle is moderately damaged.
The neqoxec shouts!
The starspawn tentacle constricts you.
* * * LOW HITPOINT WARNING * * *
Casting: Iskenderun's Mystic Blast (safe; 1% risk of failure)
Confirm with . or Enter, or press ? or * to list all spells.
You feel a surge of power!
You erupt in a blast of force!
The mystic blast hits the ancient zyme!
The ancient zyme is heavily damaged.
The ancient zyme is knocked back by the mystic blast.
The ancient zyme collides with the neqoxec!
The neqoxec is moderately wounded.
The ancient zyme is severely damaged.
The mystic blast hits the starspawn tentacle segment!
You destroy the starspawn tentacle segment!
The mystic blast hits the tentacled starspawn!
The tentacled starspawn is heavily damaged.
The tentacled starspawn is knocked back by the mystic blast.
The tentacled starspawn slams into the stone wall.
The tentacled starspawn is heavily damaged.
The mystic blast hits the starspawn tentacle!!
You destroy the starspawn tentacle!
The ynoxinul gestures.
The starcursed mass shrieks in your mind.
* * * LOW HITPOINT WARNING * * *
The tentacled starspawn bites you!!
You die...

≈ # '
##'######..##X##
.. 4. #.#..####.
....# . . ∩
#.#.##..§# #..# .
# . #...#.##.# #
## #
###'###.....X# .
.. #....#..## #
#####.5.5#5.# ≈
.###.∩.##5.3..#..
....xh.@X###.5##
≈.≈.3.≈#.# #..#
≈≈≈...≈≈..# ..#
..4.....#.# .
######## .. ###


You could see a starcursed mass, a tentacled starspawn, an ancient zyme, a
raiju, a neqoxec, a ynoxinul, a chaos spawn and 4 ufetubi.

Vanquished Creatures
  A tentacled starspawn (Abyss:3)
  2 nagarajas
  Aizul (Snake:1)
  A very ugly thing (Abyss:3)
  A stone giant (D:15)
  Nessos (D:12)
  A dire elephant (Lair:5)
  A minotaur (Gauntlet)
  An ettin (Orc:2)
  Josephine (D:13)
  Fannar (Orc:1)
  4 vault guards (D:14)
  7 hydras
  2 demonspawn (Orc:2)
  A merfolk avatar (Lair:5)
  2 centaur warriors
  3 dancing weapons (Abyss:3)
  4 two-headed ogres
  Erica (D:11)
  4 tengu warriors
  5 orc high priests (Orc:2)
  The ghost of Thorngot the Grappler, a novice TrCK of Xom (D:7)
  3 naga sharpshooters
  A thrashing horror (Abyss:3)
  Urug (Lair:3)
  2 shock serpents
  2 sixfirhies
  A skyshark (Lair:5)
  A sea snake (Lair:5)
  2 mana vipers (Snake:1)
  6 orc knights
  A harpy (Lair:5)
  An arcanist (D:14)
  5 deep elf pyromancers
  A large abomination (Abyss:3)
  3 manticores
  5 ugly things
  7 orc sorcerers
  2 cyclopes
  2 salamanders (Snake:2)
  A meliai (shapeshifter) (D:15)
  Maurice (D:10)
  A rust devil (Orc:2)
  7 black mambas
  An apocalypse crab (Abyss:3)
  A merfolk siren (Lair:2)
  11 elephants
  7 kobold blastminers
  A naga mage (Snake:2)
  11 cane toads
  A torpor snail (Lair:5)
  A smoke demon (Abyss:3)
  2 gargoyles (D:14)
  3 minotaur zombies (Gauntlet)
  2 kobold demonologists (D:9)
  14 komodo dragons
  4 rime drakes
  An ice devil (Orc:2)
  2 tengu conjurers
  A yaktaur (D:14)
  11 trolls
  2 wind drakes (Lair:5)
  3 merfolk (Lair:2)
  A red devil (Orc:2)
  2 polar bears (Lair:1)
  5 hornets
  Prince Ribbit (D:7)
  2 snapping turtles (Lair:5)
  7 raiju (Abyss:3)
  4 slime creatures (D:14)
  14 blink frogs
  2 water elementals (D:11)
  Sigmund (D:3)
  A vampire (D:10)
  A shadow (D:10)
  10 wraiths
  57 yaks
  A ynoxinul (Gauntlet)
  9 humans
  5 wyverns
  3 steam dragons
  4 basilisks
  A warg (D:11)
  A neqoxec (Abyss:3)
  12 vampire mosquitoes
  Grum (D:7)
  Edmund (D:6)
  2 small abominations (Abyss:3)
  9 nagas
  17 water moccasins
  2 ice beasts (D:6)
  31 orc warriors
  2 black bears (D:4)
  8 ogres
  21 wolves
  10 centaurs
  2 phantoms
  13 kobold brigands
  11 bullfrogs
  5 gnoll sergeants
  16 wights
  19 killer bees
  2 elephant simulacra (IceCv)
  3 electric eels (D:11)
  7 howler monkeys
  4 crimson imps (D:6)
  2 bombardier beetles
  5 jellies
  A quasit (Abyss:3)
  7 hounds
  Crazy Yiuf (D:2)
  26 orc priests
  A gnoll bouda (D:7)
  2 iron imps (Gauntlet)
  6 starcursed masses (Abyss:3)
  Ijyb (D:5)
  Natasha (thrice) (D:3)
  13 hell rats
  3 iguanas
  17 orc wizards
  2 spriggan simulacra (IceCv)
  A polar bear simulacrum (IceCv)
  A troll simulacrum (IceCv)
  Robin (D:2)
  21 gnolls
  6 adders
  2 naga simulacra (IceCv)
  3 river rats (Sewer)
  A shadow imp (D:7)
  17 white imps
  4 ufetubi (Gauntlet)
  2 dart slugs
  A ribbon worm (D:3)
  73 orcs
  15 endoplasms
  10 giant cockroaches
  25 goblins
  15 hobgoblins
  9 jackals
  5 quokkas
  8 ball pythons
  3 bats (D:3)
  5 frilled lizards
  42 kobolds
  6 rats
  A lurking horror (Abyss:3)
  2 starspawn tentacles (Abyss:3)
880 creatures vanquished.

Vanquished Creatures (others)
  An ophan (Abyss:3)
  A cherub (Abyss:3)
  An orc sorcerer (Orc:2)
  63 fulminant prisms
  A lurking horror (Abyss:3)
  2 starspawn tentacles (Abyss:3)
69 creatures vanquished.

Grand Total: 949 creatures vanquished

Notes
Turn   | Place    | Note
-------+----------+-------------------------------------------
     0 | D:1      | KennySheep the Deep Elf Conjurer began the quest for the
                  | Orb.
     0 | D:1      | Reached XP level 1. HP: 10/10 MP: 6/6
   106 | D:1      | Reached XP level 2. HP: 15/15 MP: 4/8
   229 | D:1      | Reached skill level 1 in Translocations
   557 | D:1      | Found a faded altar of an unknown god.
   559 | D:1      | Reached skill level 5 in Conjurations
   559 | D:1      | Reached XP level 3. HP: 19/19 MP: 8/10
   563 | D:1      | Prayed at the altar of an unknown god.
   563 | D:1      | Became a worshipper of Elyvilon the Healer
   563 | D:1      | Reached * piety under Elyvilon
   985 | D:2      | Found a runed translucent door.
   986 | D:2      | Noticed Crazy Yiuf
  1131 | D:2      | Learned a level 2 spell: Searing Ray
  1279 | D:2      | Reached ** piety under Elyvilon
  1568 | D:2      | Noticed Robin
  1605 | D:2      | Killed Robin
  1655 | D:2      | Reached XP level 4. HP: 24/24 MP: 3/11
  1660 | D:2      | Learned a level 4 spell: Iskenderun's Mystic Blast
  2184 | D:3      | Noticed Natasha
  2394 | D:3      | Killed Natasha
  2395 | D:3      | Reached XP level 5. HP: 27/28 MP: 6/12
  2584 | D:3      | Identified 2 scrolls of acquirement
  2584 | D:3      | Acquired the +0 pair of boots "Zekhlolo" {+Blink Regen+}
  2591 | D:3      | Acquired a staff of conjuration
  2684 | D:3      | Noticed Natasha
  2686 | D:3      | Killed Natasha
  2714 | D:3      | Reached *** piety under Elyvilon
  2914 | D:3      | Noticed Natasha
  2919 | D:3      | Killed Natasha
  2977 | D:3      | Noticed Sigmund
  2980 | D:3      | Killed Sigmund
  2981 | D:3      | Reached XP level 6. HP: 32/32 MP: 8/13
  3311 | D:4      | Found a glowing drain.
  3315 | Sewer    | Entered a sewer
  3470 | Sewer    | Reached skill level 5 in Translocations
  3552 | Sewer    | Reached XP level 7. HP: 33/36 MP: 0/14
  3922 | Sewer    | Found a shimmering altar of Xom.
  4392 | D:4      | Found a hide-covered altar of Uskayaw.
  4998 | D:4      | Reached **** piety under Elyvilon
  5106 | D:5      | Entered Level 5 of the Dungeon
  5121 | D:5      | Found a radiant altar of Vehumet.
  5158 | D:5      | Found an iron altar of Okawaru.
  5266 | D:5      | Noticed a yak
  5266 | D:5      | Noticed a yak
  5306 | D:5      | Found a broken altar of Ashenzari.
  5317 | D:5      | Reached XP level 8. HP: 41/41 MP: 9/15
  5559 | D:5      | Learned a level 4 spell: Fulminant Prism
  5591 | D:5      | Found a sparkling altar of Nemelex Xobeh.
  5706 | D:5      | Noticed Ijyb
  5793 | D:5      | Killed Ijyb
  5850 | D:5      | Reached ***** piety under Elyvilon
  5929 | D:5      | Reached skill level 1 in Evocations
  6226 | D:5      | Found an opulent altar of Gozag.
  6544 | D:6      | Reached skill level 5 in Spellcasting
  6731 | D:6      | Found a basalt altar of Yredelemnul.
  6896 | D:6      | Reached XP level 9. HP: 45/45 MP: 6/19
  7034 | D:6      | Found a shimmering altar of Xom.
  7039 | D:6      | Reached skill level 10 in Conjurations
  7153 | D:6      | Gained mutation: You occasionally lose the ability to read
                  | scrolls when taking damage. [potion of mutation]
  7154 | D:6      | Lost mutation: You occasionally lose the ability to read
                  | scrolls when taking damage. [potion of mutation]
  7154 | D:6      | Gained mutation: Your system is resistant to poisons.
                  | (rPois) [potion of mutation]
  7154 | D:6      | Gained mutation: You have a pair of small horns on your
                  | head. [potion of mutation]
  7154 | D:6      | Gained mutation: You occasionally lose the ability to read
                  | scrolls when taking damage. [potion of mutation]
  7514 | D:6      | Noticed Edmund
  7651 | D:6      | Killed Edmund
  7652 | D:6      | Reached skill level 5 in Dodging
  8149 | D:6      | Identified the +5 hand axe of the Key {heavy, ^Drain Will++
                  | rCorr SInv}
  8299 | D:7      | Identified the +2 buckler "Weci" {Regen+}
  8561 | D:7      | Noticed Prince Ribbit
  8566 | D:7      | Killed Prince Ribbit
  8619 | D:7      | Found a staircase to the Ecumenical Temple.
  8626 | D:7      | You fall into a shaft and drop 3 floors!
  8626 | D:10     | Entered Level 10 of the Dungeon
  8636 | D:10     | Noticed Maurice
  8690 | D:9      | Reached skill level 1 in Invocations
  8923 | D:9      | Reached skill level 5 in Evocations
  8923 | D:9      | Reached XP level 10. HP: 50/50 MP: 10/23
  9006 | D:9      | Reached skill level 2 in Invocations
  9590 | D:8      | Noticed a cyclops
  9590 | D:8      | Found a flagged portal.
  9618 | D:8      | Killed a cyclops
  9658 | Bailey   | Entered a bailey
  9835 | Bailey   | Reached skill level 3 in Invocations
  9969 | Bailey   | Noticed an orc knight
 10016 | Bailey   | Killed an orc knight
 10017 | Bailey   | Reached skill level 5 in Stealth
 10275 | Bailey   | Found a burning altar of Makhleb.
 10582 | D:8      | Found Oharph's Assorted Antiques.
 10584 | D:8      | Reached skill level 4 in Invocations
 10587 | D:8      | Reached XP level 11. HP: 51/54 MP: 7/26
 10725 | D:8      | Bought a sedimented red potion for 32 gold pieces
 11067 | D:8      | Reached skill level 10 in Spellcasting
 11403 | D:7      | Identified the ring of Xom's Recklessness {Dex+6 SInv}
 11428 | D:7      | Noticed Thorngot's ghost (novice TrCK)
 11514 | D:7      | Found a transporter.
 11515 | D:7      | Found a transporter.
 11515 | D:7      | Noticed Grum
 12119 | D:8      | Reached skill level 1 in Staves
 12126 | D:8      | Reached skill level 1 in Fighting
 12240 | D:8      | Reached skill level 5 in Invocations
 12499 | D:8      | Lost mutation: Your system is resistant to poisons. (rPois)
                  | [potion of mutation]
 12499 | D:8      | Lost mutation: You have a pair of small horns on your head.
                  | [potion of mutation]
 12499 | D:8      | Gained mutation: You have a pair of small antennae on your
                  | head. [potion of mutation]
 12499 | D:8      | Gained mutation: You possess an exceptional clarity of
                  | mind. [potion of mutation]
 12499 | D:8      | Gained mutation: You are somewhat resistant to further
                  | mutation. [potion of mutation]
 12878 | D:10     | Reached ****** piety under Elyvilon
 12893 | D:10     | Noticed a deep elf pyromancer
 12898 | D:10     | Killed a deep elf pyromancer
 12961 | D:10     | Identified the +0 chain mail "Biangal" {*Corrode rElec
                  | Int+3 SInv}
 13141 | D:10     | Maurice stole 4 atropa-tipped darts
 13142 | D:10     | Killed Maurice
 13317 | D:10     | Found a burning altar of Makhleb.
 13665 | D:10     | Noticed an eight-headed hydra
 13666 | D:10     | Noticed a tengu warrior
 13669 | D:10     | Noticed a centaur warrior
 13671 | D:10     | Killed an eight-headed hydra
 13673 | D:10     | Killed a tengu warrior
 13847 | D:10     | Killed a centaur warrior
 13848 | D:10     | Reached XP level 12. HP: 53/62 MP: 9/29
 14264 | D:11     | Found a staircase to the Lair.
 14593 | D:11     | Found a blossoming altar of Fedhas.
 14594 | D:11     | Noticed Erica
 14606 | D:11     | Killed Erica
 15345 | D:12     | Found a sparkling altar of Nemelex Xobeh.
 15384 | D:12     | Reached skill level 6 in Invocations
 15450 | D:12     | Found Soisets's Antique Armour Shop.
 15475 | D:12     | Bought a glowing cloak for 292 gold pieces
 15665 | D:12     | Noticed Nessos
 15674 | D:12     | Elyvilon protects you from harm!
 15674 | D:12     | HP: 3/64 [constriction (2)]
 15684 | D:12     | Killed Nessos
 15685 | D:12     | Reached skill level 7 in Invocations
 15995 | D:12     | Reached skill level 8 in Invocations
 16528 | D:13     | Found a frozen archway.
 16569 | IceCv    | Entered an ice cave
 16742 | IceCv    | HP: 3/64 [ice statue/bolt of cold (33)]
 16889 | Lair:1   | Entered Level 1 of the Lair of Beasts
 16895 | Lair:1   | Reached skill level 9 in Invocations
 16925 | D:11     | Reached skill level 10 in Invocations
 17221 | D:11     | Found a staircase to the Orcish Mines.
 17223 | D:11     | Noticed a two-headed ogre
 17227 | D:11     | Killed a two-headed ogre
 17228 | D:11     | Reached skill level 11 in Invocations
 17277 | D:11     | Noticed a two-headed ogre
 17290 | D:11     | Killed a two-headed ogre
 17291 | D:11     | Reached XP level 13. HP: 67/68 MP: 20/31
 17792 | D:11     | Reached skill level 12 in Invocations
 17839 | Orc:1    | Entered Level 1 of the Orcish Mines
 17839 | Orc:1    | Noticed Fannar
 17849 | Orc:1    | Killed Fannar
 18093 | Orc:1    | Found Ramuriso's Magic Scroll Shoppe.
 18268 | Orc:1    | Bought a scroll of enchant armour for 97 gold pieces
 18268 | Orc:1    | Bought 2 scrolls of teleportation for 78 gold pieces
 18310 | Orc:1    | Found a roughly hewn altar of Beogh.
 18892 | Orc:2    | Entered Level 2 of the Orcish Mines
 19108 | Orc:2    | Found a gate leading to a gauntlet.
 19120 | Gauntlet | Entered a Gauntlet
 19120 | Gauntlet | Found a transporter.
 19120 | Gauntlet | Found a transporter.
 19133 | Gauntlet | Found a transporter.
 19138 | Gauntlet | Found a transporter.
 19144 | Gauntlet | Found a transporter.
 19146 | Gauntlet | Found a transporter.
 19152 | Gauntlet | Found a transporter.
 19170 | Gauntlet | Found a transporter.
 19176 | Gauntlet | Found a transporter.
 19178 | Gauntlet | Found a transporter.
 19188 | Gauntlet | Found a transporter.
 19191 | Gauntlet | Found a transporter.
 19600 | Gauntlet | Identified the +2 pair of gloves of the Beginning {Str+2
                  | Dex+2}
 19633 | Gauntlet | Noticed a minotaur
 19642 | Gauntlet | Killed a minotaur
 19753 | Gauntlet | Reached skill level 13 in Invocations
 20227 | Orc:2    | Found a staircase to the Elven Halls.
 20382 | Orc:2    | Noticed an ettin
 20387 | Orc:2    | Killed an ettin
 20742 | Lair:1   | Reached skill level 10 in Evocations
 20845 | Lair:1   | Learned a level 1 spell: Apportation
 20877 | Lair:1   | Got Leuror's Papyrus of Nephomancy and Causimancy
 21302 | Lair:1   | Got the Vellum of the Curse and Command
 21731 | Lair:2   | Reached skill level 14 in Invocations
 22327 | Lair:2   | You fall into a shaft and drop 1 floor!
 22456 | Lair:2   | Found a staircase to the Shoals.
 22466 | Lair:2   | Reached XP level 14. HP: 36/74 MP: 12/32
 22798 | Lair:3   | Got the Anthology of the Gusty Shot
 23145 | Lair:3   | Noticed Urug
 23151 | Lair:3   | Killed Urug
 23308 | Lair:3   | Found a staircase to the Snake Pit.
 24619 | Lair:4   | Identified the +3 morningstar of Mybav {elec, rPois}
 25201 | Lair:5   | Entered Level 5 of the Lair of Beasts
 25213 | Lair:5   | Reached skill level 15 in Invocations
 25432 | Lair:5   | Reached skill level 5 in Staves
 25524 | Lair:5   | Elyvilon protects you from harm!
 25524 | Lair:5   | HP: 4/98 [skyshark (9)]
 25524 | Lair:5   | Elyvilon protects you from harm!
 26242 | Lair:5   | Upgraded the game from 0.32-a0-868-g153ae1a8d6 to
                  | 0.32-a0-871-ge202e49faa
 26491 | Lair:5   | Found a viscous altar of Jiyva.
 26491 | Lair:5   | Found a staircase to the Slime Pits.
 26580 | Lair:5   | Identified the +8 rapier "Xezac" {heavy, rF++}
 27137 | D:13     | Noticed Josephine
 27144 | D:13     | Killed Josephine
 27329 | D:13     | Found a runed translucent gate.
 27330 | D:13     | Found a runed translucent gate.
 27427 | D:13     | Found a runed translucent gate.
 27709 | D:13     | Noticed Frances
 27947 | D:13     | Noticed Inta's ghost (journeyman TeAE)
 28355 | Orc:2    | Found Xunat's General Store.
 28357 | Orc:2    | Found Raedunk's Magic Scroll Boutique.
 28364 | Orc:2    | Reached skill level 5 in Fighting
 28366 | Orc:2    | Reached skill level 1 in Hexes
 28366 | Orc:2    | Reached XP level 15. HP: 68/82 MP: 16/33
 28488 | Orc:2    | Reached skill level 16 in Invocations
 28768 | Orc:2    | Reached skill level 5 in Hexes
 28805 | Orc:2    | Found Coxuplor's Antique Weapon Emporium.
 28805 | Orc:2    | Found Sunai's Jewellery Shoppe.
 28805 | Orc:2    | Found a one-way gate leading to the halls of Pandemonium.
 28813 | Orc:2    | Bought a ring of see invisible for 225 gold pieces
 28942 | Snake:1  | Entered Level 1 of the Snake Pit
 29067 | Snake:1  | Found a runed translucent door.
 29075 | Snake:1  | Noticed Jocvoh's ghost (adept DgHu)
 29078 | Snake:1  | Identified the serpent talisman of Hubris {rElec rC- rN++
                  | Int+4}
 29078 | Snake:1  | Noticed Aizul
 29086 | Snake:1  | Killed Aizul
 29652 | Snake:1  | Noticed a nagaraja
 29659 | Snake:1  | HP: 1/84 [spore (26)]
 29671 | Snake:1  | Killed a nagaraja
 29672 | Snake:1  | Reached skill level 10 in Dodging
 29781 | Snake:2  | Was placed under penance by Elyvilon
 29883 | Snake:2  | Noticed a nagaraja
 29911 | Snake:2  | Killed a nagaraja
 30111 | Snake:2  | Found Belarafo's Magic Scroll Shoppe.
 30121 | Snake:2  | Bought a scroll of revelation for 112 gold pieces
 30121 | Snake:2  | Bought a scroll of fear for 60 gold pieces
 30188 | Snake:2  | Identified the +4 shortbow of the Unspeakable One {freeze,
                  | Dex+5}
 30303 | Snake:2  | Found Suicw's Antique Weapon Shoppe.
 30760 | D:2      | Killed Crazy Yiuf
 30945 | D:7      | Killed Grum
 30951 | D:7      | Killed Thorngot's ghost
 32079 | D:14     | Found a gate to the Vaults.
 32117 | D:14     | Found a snail-covered altar of Cheibriados.
 32152 | D:15     | Entered Level 15 of the Dungeon
 32303 | Abyss:3  | Cast into level 3 of the Abyss (an occultist)
 32411 | Abyss:3  | Reached XP level 16. HP: 89/90 MP: 19/35
 32513 | Abyss:3  | Noticed a tentacled starspawn
 32518 | Abyss:3  | Killed a tentacled starspawn
 32569 | Abyss:3  | Was forgiven by Elyvilon
 32660 | Abyss:3  | Noticed an ancient lich
 32712 | Abyss:3  | Found a corrupted altar of Lugonu.
 32725 | Abyss:3  | Found a glowing golden altar of the Shining One.
 32735 | Abyss:3  | Noticed a juggernaut
 32784 | Abyss:3  | Elyvilon protects you from harm!
 32785 | Abyss:3  | HP: 2/90 [starcursed mass/accursed screaming (5)]
 32791 | Abyss:3  | Found a corrupted altar of Lugonu.
 32848 | Abyss:3  | Noticed a tentacled starspawn
 32857 | Abyss:3  | Mangled by a tentacled starspawn

Illustrated notes

Levels and vault maps discovered:
D:1:      heliophobic_arrival_ceremonial_halls, layout_rooms,
          ebering_ecumenical_altar_webs, minmay_hedge_maze, st_stairs_7
D:2:      layout_loops_corners, uniq_robin, uniq_crazy_yiuf_cottage
D:3:      minmay_diamond_boxcup, layout_basic, uniq_sigmund, uniq_natasha
D:4:      black_bear_nest_1, layout_basic, overflow_temple_1_default,
          gup_sewer_entry_bowl
D:5:      layout_basic, mainiacjoe_overflow_alcove_1,
          mainiacjoe_overflow_catch_the_wave, mainiacjoe_overflow_cross_hatched,
          ashenzari_altar_1, uniq_ijyb
D:6:      corexii_shantytown, layout_cave_pools, led_xom_imps,
          yredelemnul_altar_generic, uniq_edmund
D:7:      layout_basic, minmay_temple_entry_glassed_door,
          gammafunk_ghost_gnarly_gnolls, uniq_prince_ribbit1
D:8:      erik_cavepeople, layout_basic, serial_shops, shop, enter_bailey_2,
          minmay_misc_feat_diagonals, minmay_circle_x, uniq_grum
D:9:      layout_basic
D:10:     minmay_slanted_spiral_squares, layout_basic,
          mainiacjoe_overflow_chevrons, guppyfry_early_elven_hall, uniq_maurice
D:11:     layout_basic, erik_lair_orcish_takeover, orc_0_dummy, fedhas_altar_3,
          uniq_erica
D:12:     layout_long_grid, serial_shops, shop, nemelex_lonely_heart_becter,
          uniq_nessos
D:13:     layout_grid_maze, gammafunk_ghost_necromancy,
          portal_ice_cave_entry_imps, uniq_josephine, uniq_frances
D:14:     layout_rooms, grunt_vaults_entry_fortified,
          amcnicky_mini_rare_corridor_liquid, slow_altar_2
D:15:     hangedman_depths_entry_civil_slaughter, layout_cave_pools,
          minmay_misc_feat_room, serial_shops,
          nicolae_shop_pleasant_corner_grove, shop, shop, minmay_crystal_water,
          drop_trap
Lair:1:   layout_chaotic_city, dreamdust_mushroom_princess
Lair:2:   layout_loops_ring, elwin_shoals_entry_stream, grunt_megastairs_5,
          serial_bayou_shore_b
Lair:3:   layout_hall_layers, minmay_snake_entry_guardpost_small,
          chequers_serial_rivers_large_a, lemuel_fruit_fields, uniq_urug
Lair:4:   layout_regular_city, lemuel_fruit_fields
Lair:5:   gammafunk_lair_ancient_temple, layout_hall_layers,
          dpeg_slime_entry_enclosed, serial_bayou_lagoon_a
Snake:1:  layout_onion_interference, ebering_ghost_reflecting_pool, uniq_aizul
Snake:2:  layout_layer_cave, serial_shops, nicolae_shop_tiny_glass, shop,
          serial_bayou_shore_b, uniq_vashnia
Orc:1:    layout_diamond_mine, basic_altar, serial_shops,
          nicolae_shop_getting_attention, uniq_fannar
Orc:2:    pf_orc_diabolical, layout_caves, gauntlet_entry_generic
Abyss:3:  base: D:7, evilmike_abyss_exit_2, evilmike_abyss_rune_tso_outpost,
          evilmike_abyss_rune_tso_outpost, evilmike_abyss_exit_16

Skill      XL: |  1  2  3  4  5  6  7  8  9 10 11 12 13 14 15 16 |
---------------+-------------------------------------------------+-----
Translocations | 1 2 4 5 6 |  6.8
Conjurations   | 5 6 7 8 9 11 12 13 | 13.7
Spellcasting   | 5 7 9 11 12 13 | 13.8
Dodging        | 4 6 7 8 9 10 11 | 11.2
Evocations     | 3 5 6 7 11 13 | 13.0
Invocations    | 1 4 5 11 14 15 16 | 16.0
Stealth        | 3 5 6 |  6.3
Staves         | 2 3 6 7 8 |  8.1
Fighting       | 2 3 5 6 |  6.8
Hexes          | 1 8 9 |  9.7

Action                     |  1- 3 |  4- 6 |  7- 9 | 10-12 | 13-15 | 16-18 || total
---------------------------+-------+-------+-------+-------+-------+-------++-------
  Melee: Unarmed           |    12 |       |     2 |       |       |       ||    14
         Dagger            |     4 |       |       |       |       |       ||     4
         Staff             |       |     1 |    17 |   104 |   357 |     3 ||   482
         Headbutt          |       |       |       |    18 |       |       ||    18
   Cast: Magic Dart        |    88 |    83 |   103 |     1 |       |       ||   275
         Searing Ray       |     1 |     7 |    15 |     1 |       |       ||    24
         Iskenderun's Myst |       |       |    65 |   199 |   417 |    28 ||   709
         Fulminant Prism   |       |       |       |     2 |    56 |     5 ||    63
 Invoke: Purification      |       |       |     2 |     1 |       |       ||     3
         Heal Self         |       |       |       |     5 |    16 |     5 ||    26
         Divine Vigour     |       |       |       |       |     3 |     1 ||     4
         Heal Other        |       |       |       |       |       |     6 ||     6
Ability: Evoke Blink       |       |       |       |       |     3 |     4 ||     7
  Evoke: Wand              |       |       |       |     1 |     2 |       ||     3
    Use: Potion            |     2 |     1 |     8 |     4 |     9 |     5 ||    29
         Scroll            |       |     9 |     8 |    14 |     7 |     2 ||    40
   Stab: Sleeping          |       |       |       |     1 |     7 |       ||     8
 Armour: Robe              |    11 |    12 |    32 |       |       |       ||    55
         Skin              |       |       |     4 |       |       |       ||     4
         Leather armour    |       |       |    22 |   166 |   498 |    21 ||   707
  Dodge: Dodged            |    27 |     9 |    52 |   177 |   485 |    23 ||   773
         Repelled          |       |       |       |       |    20 |     5 ||    25
  Block: Other             |       |       |       |       |    37 |       ||    37

Table legend: (Time is in decaauts)
 A = Elapsed time spent in this place.
 B = Non-inter-level travel time spent in this place.
 C = Inter-level travel time spent in this place.
 D = Time resting spent in this place.
 E = Time spent auto-exploring this place.
 F = Levels seen in this place.
 G = Mean time per level.
                   A        B        C        D        E       F      G
               +--------+--------+--------+--------+--------+-----+--------+
         Total |  32942 |  30385 |   2557 |   7359 |  16790 |  29 | 1135.9 |
       Dungeon |  19255 |  17616 |   1639 |   3499 |  11157 |  15 | 1283.7 |
          Lair |   6616 |   6106 |    510 |   1514 |   3416 |   5 | 1323.2 |
     Snake Pit |   1180 |   1093 |     87 |    361 |    370 |   2 |  590.0 |
  Orcish Mines |   2650 |   2330 |    320 |    611 |   1156 |   2 | 1325.0 |
         Abyss |    498 |    498 |      0 |     40 |      0 |   1 |  498.0 |
         Sewer |    758 |    758 |      0 |    309 |    312 |   1 |  758.0 |
        Bailey |    720 |    720 |      0 |    344 |    152 |   1 |  720.0 |
      Ice Cave |    254 |    254 |      0 |    149 |     36 |   1 |  254.0 |
      Gauntlet |   1006 |   1006 |      0 |    532 |    190 |   1 | 1006.0 |
               +--------+--------+--------+--------+--------+-----+--------+

Top non-repeatable levels by time:
    D:11: 2270 daAuts
  Lair:5: 1771 daAuts
    D:10: 1712 daAuts
     D:7: 1554 daAuts
     D:5: 1544 daAuts
  Lair:2: 1535 daAuts
     D:6: 1507 daAuts
    D:12: 1433 daAuts
     D:8: 1409 daAuts
   Orc:1: 1365 daAuts
     D:2: 1319 daAuts
   Orc:2: 1285 daAuts
  Lair:4: 1271 daAuts
     D:4: 1259 daAuts
     D:3: 1154 daAuts
